AoeStats
← Shredded_Pork

African Clearing

506840970Analyzed
4v4 RM · 17d ago on Sep 15, 2026· 48m 28s· 8 players
Game mode
Random Map
Map size
Large (8 player)
Population
200
Speed
Normal
Resources
Standard
Victory
Conquest
Starting age
Dark Age
Ending age
Imperial Age
RankedLock teamsTeams togetherTeam positionsShared explorationLock speedFull tech treeHidden civsTurbo modeCheats
Victory
Defeat
🇨🇳 Hindustanis · China
743
+14
🇹🇼 Celts · Taiwan
682
+17
🇳🇿 Inca · New Zealand
648
+18
🇨🇳 Franks · China
639
+19
🇬🇧 Persians · United Kingdom
732
-18
🇩🇪 Spanish · Germany
712
-18
🇹🇷 Wu · Türkiye
686
-16
🇩🇪 Britons · Germany
666
-16
BOOSON 8
24:28 Feudal Age
33:41 Castle Age
32:17 Wheelbarrow
33:58 Crossbowman
34:45 Thumb Ring
35:42 Double-Bit Axe
37:14 Kamandaran
Ramizpaşa
9:47 Loom
15:23 Feudal Age
16:03 Double-Bit Axe
16:00 Horse Collar
18:19 Stone Mining
18:50 Gold Mining
20:55 Town Watch
25:18 Castle Age
23:27 Fletching
24:18 Forging
25:17 Padded Archer Armor
25:19 Scale Mail Armor
25:32 Scale Barding Armor
27:21 Bow Saw
27:55 Heavy Plow
35:12 Stone Shaft Mining
35:12 Gold Shaft Mining
36:39 Gold Shaft Mining
39:21 Coinage
38:51 Caravan
39:14 Bodkin Arrow
39:55 Iron Casting
39:36 Leather Archer Armor
40:25 Chain Mail Armor
40:51 Chain Barding Armor
40:47 Red Cliffs Tactics
41:33 Wheelbarrow
41:02 Town Patrol
42:20 Ballistics
41:51 Heated Shot
41:41 Treadmill Crane
43:17 Pikeman
43:58 Squires
45:13 Masonry
44:54 Guard Tower
45:37 Arson
Com. Parlo Khrut
15:14 Feudal Age
16:02 Double-Bit Axe
20:07 Wheelbarrow
23:51 Castle Age
22:58 Horse Collar
33:15 Heavy Plow
33:44 Bow Saw
35:22 Hand Cart
36:08 Caravan
41:17 Imperial Age
maxbrinkmann95
11:26 Loom
19:24 Feudal Age
24:40 Wheelbarrow
23:54 Double-Bit Axe
24:58 Stone Mining
30:15 Castle Age
30:39 Horse Collar
31:38 Caravan
32:04 Hand Cart
32:13 Pikeman
34:44 Treadmill Crane
39:15 Imperial Age
39:45 Bow Saw
39:45 Heavy Plow
Shredded_Pork
14:27 Feudal Age
15:24 Double-Bit Axe
15:30 Horse Collar
23:25 Castle Age
27:19 Bow Saw
27:12 Heavy Plow
28:14 Stone Mining
28:43 Gold Mining
30:58 Stone Shaft Mining
30:58 Gold Shaft Mining
35:51 Imperial Age
38:23 Wheelbarrow
37:57 Scale Mail Armor
38:07 Forging
37:48 Fletching
37:58 Padded Archer Armor
38:03 Scale Barding Armor
38:42 Husbandry
38:54 Bloodlines
38:57 Squires
38:59 Grand Trunk Road
40:27 Heavy Camel Rider
41:52 Iron Casting
41:32 Chain Mail Armor
41:52 Conscription
42:53 Chain Barding Armor
42:45 Imperial Camel Rider
44:58 Blast Furnace
48:55 Plate Barding Armor
jp1363
8:16 Loom
15:39 Feudal Age
16:18 Horse Collar
17:55 Double-Bit Axe
18:52 Gold Mining
23:22 Castle Age
21:26 Arson
21:54 Stone Mining
22:26 Fletching
23:03 Scale Mail Armor
22:55 Man-at-Arms
24:17 Heavy Plow
26:36 Forging
25:59 Long Swordsman
27:24 Fletching
29:27 Gold Shaft Mining
29:18 Bow Saw
30:51 Wheelbarrow
30:40 Chain Mail Armor
30:26 Gambesons
31:12 Ballistics
30:42 Pikeman
35:26 Iron Casting
38:53 Imperial Age
37:27 Stone Shaft Mining
37:14 Murder Holes
37:47 Bodkin Arrow
38:23 Masonry
38:58 Two-Handed Swordsman
40:19 Conscription
42:40 Chemistry
42:58 Blast Furnace
42:20 Caravan
42:09 Treadmill Crane
45:04 Plate Mail Armor
47:02 Furor Celtica
xSlipperyx
5:28 Loom
16:52 Feudal Age
18:20 Wheelbarrow
17:27 Horse Collar
18:34 Champi Runner
26:05 Castle Age
26:11 Gold Mining
26:07 Double-Bit Axe
27:12 Squires
27:19 Champi Warrior
29:21 Forging
29:12 Scale Mail Armor
30:40 Fletching
33:33 Padded Archer Armor
34:13 Iron Casting
34:22 Stone Mining
34:36 Heavy Plow
38:01 Arson
41:34 Imperial Age
38:52 Town Watch
39:27 Hand Cart
43:01 Conscription
42:55 Fabric Shields
44:31 Chemistry
43:54 Ballistics
44:37 Leather Archer Armor
44:21 Bodkin Arrow
44:45 Chain Mail Armor
48:05 Blast Furnace
48:06 Elite Champi Warrior
49:23 Ring Archer Armor
zw701
5:20 Loom
14:58 Feudal Age
24:11 Castle Age
24:22 Stone Mining
24:22 Double-Bit Axe
26:31 Gold Mining
34:03 Imperial Age
35:16 Wheelbarrow
38:04 Husbandry
37:25 Cavalier
38:32 Squires
37:53 Pikeman
38:58 Conscription
38:39 Chivalry
40:29 Chemistry
39:50 Ballistics
41:02 Scale Barding Armor
42:00 Forging
45:09 Chain Barding Armor
45:25 Iron Casting
46:59 Paladin
Connection lost

Rejoining the realm…

Still unreachable

The connection could not be restored.

Session expired

The server has moved on; the page needs a fresh start.